Map: Blackburn LE

Players

Pikachuu

  • Race: Terran Terran
  • League: Master
  • Spawn Location: 5:00

Pumba - Winner!

  • Race: Zerg Zerg
  • League: Master
  • Spawn Location: 7:00

VOD

Have the link to the VOD?

Description

Time

  • Played on: Sept. 14, 2021, 10:05 p.m.
  • Length: 6:41
Show
View Real Time Build Order
Export as new Build Order

Pikachuu Terran 

Build Orders:  

Get SALT Encoding   

  12  0:01  SCV  
  13  0:13  SCV  
  14  0:20  Supply Depot  
  14  0:26  SCV  
  15  0:50  Barracks  
  15  0:55  Barracks  
  15  1:08  Barracks  
  15  1:13  SCV  
  16  1:25  SCV  
  17  1:38  Marine  
  17  1:39  Orbital Command  
  18  1:42  Supply Depot  
  18  1:44  Marine  
  19  1:55  Marine  
  19  1:56  Marine  
  21  2:01  Bunker  
  21  2:05  Marine  
  22  2:13  Marine  
  22  2:14  Marine  
  24  2:23  Marine  
  19  2:31  Marine  
  19  2:32  Marine  
  19  2:40  Marine  
  20  2:48  Marine  
  20  2:49  Marine  
  21  2:53  SCV  
  21  2:55  Supply Depot  
  22  2:58  Marine  
  23  3:06  Marine  
  23  3:07  Marine  
  23  3:10  SCV  
  26  3:16  Marine  
  27  3:22  SCV  
  27  3:24  Marine  
  27  3:25  Marine  
  30  3:34  Marine  
  28  3:42  Marine  
  28  3:43  Marine  
  26  3:52  Marine  
  26  4:00  Marine  
  26  4:01  Marine  
  27  4:04  SCV  
  27  4:09  Marine  
  28  4:18  Marine x2  
  30  4:27  Marine  
  31  4:35  Marine  
  31  4:36  Marine  
  33  4:45  Marine  
  34  4:53  Marine  
  34  4:56  SCV  
  34  4:58  Marine  
  37  5:00  Supply Depot, Refinery x2  
  37  5:03  Marine  
  38  5:08  SCV  
  38  5:13  Marine  
  39  5:16  Marine  
  39  5:20  SCV  
  39  5:21  Marine  
  37  5:31  Marine  
  37  5:34  Marine  
  33  5:36  SCV  
  33  5:39  Marine  
  35  5:48  SCV  
  35  5:49  Marine  
  37  5:52  Marine  
  39  6:00  Command Center  
  39  6:01  SCV  
  39  6:08  Factory  
  40  6:17  SCV  
Show
View Real Time Build Order
Export as new Build Order

Pumba Zerg - Winner!

Build Orders: Hatch First 

Get SALT Encoding   

  12  0:00  Drone  
  13  0:14  Overlord  
  13  0:18  Drone  
  14  0:32  Drone x2  
  16  0:37  Drone  
  17  0:53  Hatchery  
  16  0:57  Drone  
  16  0:59  Drone  
  18  1:12  Extractor  
  18  1:15  Spawning Pool  
  18  1:17  Drone  
  17  1:21  Drone  
  18  1:29  Drone  
  19  1:40  Overlord  
  19  1:52  Drone  
  20  2:03  Queen  
  20  2:04  Queen  
  20  2:05  Zergling x2  
  20  2:06  Zergling x2  
  26  2:15  Zergling x2  
  27  2:21  Zergling x2  
  26  2:28  Drone  
  24  2:35  Drone x2  
  23  2:54  Zergling x6  
  26  3:04  Overlord  
  26  3:13  Zergling x4  
  26  3:14  Zergling x2  
  29  3:23  Spine Crawler  
  28  3:29  Drone x3  
  28  3:30  Drone  
  27  3:52  Zergling x4  
  27  4:01  Zergling x4  
  28  4:03  Queen  
  28  4:05  Queen  
  31  4:23  Drone  
  31  4:24  Drone  
  33  4:31  Metabolic Boost, Overlord  
  33  4:33  Drone x3  
  36  4:45  Overlord x2  
  34  4:55  Spine Crawler  
  34  4:56  Spine Crawler  
  34  4:57  Zergling x4  
  34  5:05  Zergling x8  
  38  5:18  Zergling x6  
  34  5:29  Zergling x8  
  34  5:34  Zergling x2  
  34  5:35  Zergling x2  
  36  5:41  Zergling x4  
  38  5:54  Zergling x4  
  38  5:55  Zergling x2  
  41  5:58  Queen  
  41  6:02  Zergling x2  
  44  6:09  Baneling Nest  
  43  6:12  Zergling x6  
  46  6:18  Overlord  
  46  6:20  Zergling x2  
  46  6:23  Zergling x2  
Tags
 
Add a new tag
Caveats
  • Supply blocks, unpowered buildings, or Contaminate may cause inaccurate times.
  • Supply counts are checked every 10 seconds.